 Dungeon Crawl Stone Soup version 0.29.1-13-g9f3cf754e1 (webtiles) character file.

Game seed: 15048160294317942074

679 Descartes the Shield-Bearer (level 7, -3/55 HPs)
             Began as a Formicid Fighter on Jan 21, 2023.
             Slain by a vampire (9 damage)
             ... on level 4 of the Dungeon.
             The game lasted 00:06:07 (5124 turns).

Descartes the Shield-Bearer (Formicid Fighter)      Turns: 5124, Time: 00:06:08

Health: -3/55      AC: 10    Str: 22    XL:     7   Next: 92%
Magic:  7/7        EV:  7    Int:  8    God:
Gold:   188        SH: 14    Dex: 13    Spells: 6/6 levels left

rFire   . . .      SeeInvis +   a - +0 war axe
rCold   . . .      Faith    .   A - +0 tower shield
rNeg    . . .      Spirit   .   b - +0 scale mail
rPois   .          Reflect  .   (helmet unavailable)
rElec   .          Harm     .   x - +1 cloak
rCorr   .          Rampage  .   C - +0 pair of gloves
Will    .....                   (no boots)
Stlth   ..........              y - amulet of magic regeneration
HPRegen 0.18/turn               g - ring of wizardry
MPRegen 0.50/turn               (no ring)

@: mighty
A: permanent stasis, dig shafts and tunnels, antennae 3, four strong arms
a: Dig, Shaft Self


You were on level 4 of the Dungeon.
You visited 1 branch of the dungeon, and saw 5 of its levels.

You collected 188 gold pieces.

Inventory:

Hand Weapons
 a - a +0 war axe (weapon)
 i - a +2 mace of protection
 r - a +2 dagger of electrocution
 w - a +2 quarterstaff of chaos
Missiles
 h - 8 poisoned darts
 m - 6 datura-tipped darts
 u - 3 boomerangs
Armour
 b - a +0 scale mail (worn)
 x - a +1 cloak (worn)
 A - a +0 tower shield (worn)
 C - a +0 pair of gloves (worn)
Jewellery
 g - a ring of wizardry (left hand)
 y - an amulet of magic regeneration (around neck)
Wands
 v - a wand of polymorph (4)
Scrolls
 c - a scroll of identify
 f - a scroll of fear {unknown}
 k - a scroll of poison
 l - a scroll of enchant armour {unknown}
 p - a scroll of fog {unknown}
 t - a scroll of teleportation {unknown}
Potions
 d - a potion of might
 e - 2 potions of heal wounds {unknown}
 j - 3 potions of flight {unknown}
 o - 4 potions of degeneration {unknown}
 q - a potion of magic {unknown}
 s - a potion of attraction {unknown}
 z - a potion of cancellation {unknown}
 B - a potion of curing {unknown}


   Skills:
 + Level 4.8 Fighting
 * Level 5.0 Axes
 + Level 4.8 Armour
 * Level 7.3 Shields


You had 6 spell levels left.
You didn't know any spells.
Your spell library contained the following spells:

 Spells                   Type           Power      Damage    Failure   Level
 Magic Dart               Conj           0%         1d3       89%         1
 Sandblast                Erth           0%         2d4       89%         1
 Slow                     Hex            0%         N/A       89%         1
 Poisonous Vapours        Pois/Air       0%         N/A       96%         2
 Searing Ray              Conj           0%         2d4       96%         2
 Confusing Touch          Hex            0%         N/A       99%         3
 Vampiric Draining        Necr           0%         2d6       99%         3
 Animate Armour           Summ/Erth      0%         N/A       100%        4
 Corpse Rot               Necr/Pois/Air  0%         N/A       100%        4
 Fulminant Prism          Conj/Hex       0%         3d6       100%        4
 Olgreb's Toxic Radiance  Pois           0%         N/A       100%        4
 Metabolic Englaciation   Hex/Ice        0%         N/A       100%        5
 Simulacrum               Ice/Necr       0%         N/A       100%        6
 Ozocubu's Refrigeration  Ice            0%         4d7       100%        7
 Ignition                 Fire           0%         3d3       100%        8


Dungeon Overview and Level Annotations

Branches:
Dungeon (5/15)
 Temple: D:4-7

Altars:
Okawaru


Innate Abilities, Weirdness & Mutations

You cannot be hasted, slowed, berserked, paralysed or teleported.
You can dig through walls and to a lower floor.
You have a pair of large antennae on your head. (SInv)
Your four strong arms can wield two-handed weapons with a shield.


Message History

You slash the orc!
You kill the orc!
Unknown command.
An adder comes into view.
The adder hisses angrily.
The vampire hits you. The vampire bites you!
The vampire draws strength from your injuries!
Things that are here:
a +0 trident; an orc corpse
Things that are here:
a +0 falchion; an orc corpse
There is a stone staircase leading up, spattered with blood here.
You block the adder's attack. The vampire hits you. The vampire bites you.
The vampire draws strength from your injuries!
You block the adder's attack.
You climb upwards.
There is a stone staircase leading down here.
You feel very mighty all of a sudden. The vampire hits you.
The vampire bites you!
* * * LOW HITPOINT WARNING * * *
The vampire draws strength from your injuries!
You block the adder's attack.
You slash the vampire!
The vampire is moderately damaged.
You slash the adder! You block the adder's attack.
The vampire hits you but does no damage.
The vampire bites you but does no damage.
The adder barely misses you.
The vampire hits you but does no damage.
You block the vampire's attack.
You slash the vampire!
The vampire is heavily damaged.
You barely miss the adder. The adder bites you.
* * * LOW HITPOINT WARNING * * *
The vampire hits you but does no damage.
You block the vampire's attack. You block the adder's attack.
The vampire hits you.
* * * LOW HITPOINT WARNING * * *
The vampire bites you!
You die...

#..# #.#.# #.##....# #..#
#.#.# #.##....# #..# #.#.#
#.##....# #..# #.#.#
#.##....# #..###.#.#
#.##....#
#......#.###.##[...######
###'######.##...[[...?.....
#.........S....############
#.........@................
#........V####+#...........
#....................).....
#..........................
#...................[......
#..........................
###'######.......####..(...
#.##...#####.### ##.....
#.##...#####.#### #.....


You could see a vampire and an adder.

Vanquished Creatures
  Grinder (D:3)
  A scorpion (D:4)
  Crazy Yiuf (D:3)
  4 orc priests
  Terence (D:3)
  2 orc wizards (D:4)
  Robin (D:2)
  3 gnolls (D:3)
  6 adders
  2 worms
  2 dart slugs
  9 orcs
  3 bats (D:1)
  8 endoplasms
  A giant cockroach (D:1)
  14 goblins
  11 hobgoblins
  2 jackals (D:2)
  5 kobolds
  4 quokkas
  7 ball pythons
  3 frilled lizards
  4 rats
95 creatures vanquished.

Notes
Turn   | Place    | Note
-------+----------+-------------------------------------------
     0 | D:1      | Descartes the Formicid Fighter began the quest for the Orb.
     0 | D:1      | Reached XP level 1. HP: 18/18 MP: 1/1
   306 | D:1      | Reached XP level 2. HP: 24/24 MP: 2/2
   386 | D:1      | Got the Treatise on Congelation and Silt
  1017 | D:1      | Reached XP level 3. HP: 29/29 MP: 3/3
  1513 | D:2      | Reached XP level 4. HP: 14/37 MP: 4/4
  1836 | D:2      | Noticed Robin
  1847 | D:2      | Reached skill level 5 in Shields
  1854 | D:2      | Killed Robin
  2289 | D:3      | Reached XP level 5. HP: 30/42 MP: 5/5
  2441 | D:3      | Found a faded altar of an unknown god.
  2477 | D:3      | Noticed Terence
  2487 | D:3      | Killed Terence
  2871 | D:3      | Noticed Grinder
  2885 | D:3      | Killed Grinder
  2886 | D:3      | Reached skill level 6 in Shields
  2886 | D:3      | Reached XP level 6. HP: 10/49 MP: 6/6
  3257 | D:3      | Found a runed translucent door.
  3258 | D:3      | Noticed Crazy Yiuf
  3292 | D:3      | Killed Crazy Yiuf
  3293 | D:3      | Reached XP level 7. HP: 22/55 MP: 7/7
  4783 | D:4      | Reached skill level 7 in Shields
  5017 | D:4      | Found an iron altar of Okawaru.
  5103 | D:5      | Entered Level 5 of the Dungeon
  5109 | D:5      | Reached skill level 5 in Axes
  5114 | D:5      | Noticed a vampire
  5124 | D:4      | Slain by a vampire

Illustrated notes

Levels and vault maps discovered:
D:1:      beargit_arrival_greenhouse, layout_basic
D:2:      layout_rooms, uniq_robin
D:3:      layout_loops_corners, shapermc_ecumenical_altar_totnotflames,
          uniq_grinder, uniq_terence, uniq_crazy_yiuf_cottage
D:4:      layout_basic, mainiacjoe_overflow_alcove_4
D:5:      layout_loops_ring, kennysheep_orc_sif_temple, lemuel_round_altar

Skill      XL: |  1  2  3  4  5  6  7 |
---------------+----------------------+-----
Axes           | 3 4 5 |  5.0
Shields        | 5 6 7 |  7.3
Armour         | 4 |  4.8
Fighting       | 4 |  4.8

Action                   |  1- 3 |  4- 6 |  7- 9 || total
-------------------------+-------+-------+-------++-------
Melee: War axe           |    74 |    86 |   111 ||   271
       Unarmed           |       |     2 |       ||     2
  Use: Scroll            |       |       |     2 ||     2
       Potion            |       |       |     1 ||     1
Armor: Scale mail        |    47 |    29 |    66 ||   142
Dodge: Dodged            |    36 |    44 |    27 ||   107
Block: Buckler           |    23 |    25 |     2 ||    50
       Tower shield      |       |       |   106 ||   106
